Map: [ESL] Data-C

Players

Maru - Winner!

  • Race: Terran Terran
  • Spawn Location: 3:00

Solar

  • Race: Zerg Zerg
  • League: Master
  • Spawn Location: 9:00

Event: TSL 9

VOD

Have the link to the VOD?

Description

Time

  • Played on: Aug. 7, 2022, 10:16 a.m.
  • Length: 25:29

All games in this series

Show
View Real Time Build Order
Export as new Build Order

Maru Terran - Winner!

Build Orders:  

Get SALT Encoding   

  12  0:00  SCV  
  13  0:12  SCV  
  14  0:17  Supply Depot  
  14  0:24  SCV  
  15  0:39  SCV  
  15  0:40  Barracks  
  16  0:43  Refinery  
  16  0:51  SCV  
  17  1:03  SCV  
  18  1:15  SCV  
  19  1:27  Barracks Reactor, Orbital Command  
  19  1:39  Command Center  
  19  1:50  Supply Depot  
  19  1:53  SCV  
  20  2:02  Factory  
  20  2:05  SCV  
  20  2:06  Marine  
  22  2:09  Marine  
  22  2:14  Refinery  
  23  2:17  SCV  
  24  2:24  Marine  
  24  2:27  Marine  
  24  2:29  SCV  
  27  2:41  SCV  
  28  2:48  Starport  
  28  2:52  Hellion, Orbital Command  
  28  2:55  Hellion  
  28  2:56  SCV  
  33  2:59  Barracks Tech Lab  
  33  3:08  SCV  
  33  3:11  Supply Depot  
  34  3:14  Widow Mine  
  34  3:16  Widow Mine  
  34  3:19  SCV  
  39  3:24  Medivac  
  39  3:27  SCV  
  42  3:32  SCV  
  43  3:36  Supply Depot  
  43  3:39  SCV  
  44  3:42  Widow Mine x2  
  44  3:46  Armory  
  44  3:48  SCV  
  49  3:54  Marine  
  50  4:01  Supply Depot  
  50  4:03  Hellion x2  
  50  4:06  SCV x2  
  50  4:07  Stimpack  
  56  4:10  Starport Reactor  
  56  4:18  SCV  
  56  4:19  SCV  
  58  4:26  Barracks x2  
  58  4:30  SCV  
  59  4:31  Supply Depot  
  59  4:33  SCV  
  59  4:34  Marine  
  59  4:36  Factory Reactor  
  61  4:42  SCV  
  61  4:44  Engineering Bay  
  62  4:50  SCV  
  62  4:52  Refinery, Marine  
  64  4:54  SCV  
  64  4:55  Starport Reactor  
  63  5:02  SCV  
  64  5:08  SCV  
  64  5:09  Barracks  
  64  5:10  Barracks, Marine  
  64  5:12  Terran Infantry Weapons Level 1  
  64  5:22  Marine x2  
  64  5:24  Hellion x2  
  64  5:26  SCV  
  64  5:28  Supply Depot, Marine  
  72  5:32  Supply Depot  
  72  5:34  Marine x2  
  72  5:35  Medivac  
  76  5:37  Medivac  
  78  5:42  Supply Depot  
  78  5:50  Combat Shield, Marine  
  78  5:52  Marine x2  
  78  5:54  Hellion x2  
  78  5:55  SCV x2  
  87  6:00  Barracks Reactor x2  
  87  6:01  Barracks Tech Lab x2  
  87  6:06  Marine x2  
  87  6:07  SCV, Marine  
  87  6:10  Supply Depot, SCV, Marine  
  93  6:12  Supply Depot  
  93  6:16  Widow Mine x2, Marine  
  98  6:23  Marine  
  99  6:34  Command Center  
  99  6:35  Marine x5  
  99  6:36  Concussive Shells  
  99  6:38  Marauder  
  106  6:44  SCV  
  107  6:47  Medivac  
  107  6:48  Supply Depot  
  107  6:53  Widow Mine x2  
  112  6:54  Marine  
  112  6:55  Marine x2  
  115  7:05  Supply Depot  
  115  7:06  Supply Depot  
  115  7:08  Engineering Bay  
  115  7:11  Terran Infantry Weapons Level 2  
  115  7:19  SCV  
  116  7:24  Medivac, Widow Mine x2  
  116  7:25  Supply Depot  
  116  7:27  SCV, Marauder  
  125  7:34  SCV  
  125  7:36  Marine  
  128  7:37  Terran Infantry Armor Level 1, Marauder  
  128  7:40  SCV  
  128  7:42  Hellion x8, Marine  
  131  7:46  SCV  
  131  7:52  SCV  
  131  7:53  Marauder x2, Marine  
  134  7:59  Widow Mine x2  
  134  8:00  Marine  
  134  8:01  Marauder  
  134  8:04  Marine x2  
  137  8:11  Marine  
  127  8:14  Marine  
  124  8:21  SCV x2  
  124  8:24  Orbital Command  
  124  8:26  Medivac  
  124  8:30  Widow Mine  
  124  8:33  SCV x2  
  118  8:39  Marauder, Marine x3  
  121  8:46  Widow Mine  
  121  8:47  SCV  
  124  8:51  Widow Mine  
  124  8:52  Orbital Command, Marauder, Marine  
  129  9:03  Marine x2  
  129  9:04  Marauder, Marine  
  129  9:06  SCV  
  129  9:08  Widow Mine  
  135  9:13  Widow Mine, Marine  
  135  9:14  Marauder x2  
  115  9:17  Medivac  
  103  9:26  Marauder, Marine x2  
  103  9:29  SCV  
  107  9:35  Marauder x2, Marine  
  107  9:36  Widow Mine  
  101  9:49  SCV x3  
  101  9:52  Refinery  
  104  9:54  Refinery, Marine x4  
  104  9:55  Marauder  
  110  10:01  SCV x3  
  110  10:06  Marauder, Marine  
  116  10:16  Marine  
  116  10:17  Marauder  
  116  10:18  Widow Mine x2  
  123  10:23  Medivac  
  123  10:24  SCV, Marauder  
  123  10:25  SCV  
  123  10:26  SCV  
  130  10:28  Marine x2  
  130  10:29  Supply Depot, Marauder  
  130  10:32  Marine  
  135  10:37  SCV  
  135  10:38  Marauder  
  135  10:40  Marine  
  135  10:41  SCV  
  140  10:45  Marine  
  140  10:46  Marine  
  140  10:47  Marine  
  140  10:49  SCV  
  135  10:50  SCV, Marauder, Marine  
  135  10:53  SCV  
  135  10:57  Terran Infantry Armor Level 2  
  119  10:59  Marauder  
  119  11:00  Marine  
  119  11:03  Marauder  
  116  11:12  Marine x2  
  116  11:16  Barracks x2  
  116  11:17  Barracks  
  115  11:19  Terran Infantry Weapons Level 3  
  115  11:26  Marine x5  
  115  11:27  SCV  
  115  11:30  Marine  
  122  11:35  SCV x2  
  122  11:39  SCV  
  122  11:41  Marine  
  122  11:43  Marine  
  122  11:44  Marauder x3  
  122  11:45  Widow Mine x2  
  134  11:49  Medivac x2, Marine  
  139  12:02  Marine  
  139  12:03  Marine x2  
  139  12:05  Barracks Tech Lab x2  
  139  12:06  Widow Mine x2, Marauder x3  
  139  12:07  Marine x3  
  155  12:14  Supply Depot  
  155  12:15  Supply Depot  
  155  12:23  Marine  
  155  12:25  Supply Depot  
  155  12:26  Supply Depot  
  155  12:27  Marauder x2  
  155  12:29  Marauder, Marine  
  163  12:30  Orbital Command  
  163  12:35  Widow Mine x2  
  166  12:37  Marauder, Marine x2  
  168  12:47  Marine  
  168  12:48  Marauder x2  
  168  12:51  Marauder  
  172  12:53  Marine x2  
  172  12:57  Medivac  
  174  12:59  Marauder  
  174  13:03  Marine  
  174  13:04  Marine x2  
  174  13:05  Marine  
  179  13:10  Marauder x2  
  179  13:11  Widow Mine  
  186  13:17  SCV  
  186  13:18  SCV x2, Refinery  
  186  13:19  Refinery  
  189  13:26  Marauder x2, Marine x2  
  195  13:29  Marine x2  
  195  13:31  Marauder  
  190  13:35  Marauder, Marine  
  190  13:40  Marine  
  170  13:44  Marine x2  
  170  13:47  Marine  
  170  13:48  Marauder x2  
  160  13:49  Widow Mine x2  
  160  13:53  Marauder, Marine  
  160  13:54  Marine  
  168  13:57  Marauder  
  168  13:58  Marine  
  168  14:01  Marine  
  168  14:02  Marine  
  173  14:05  Marine  
  173  14:09  Marauder x2  
  176  14:10  Widow Mine  
  176  14:13  Marine x2  
  176  14:14  Marauder  
  182  14:18  Marauder, Marine  
  175  14:26  Marine x3  
  175  14:31  Marauder x2, Marine  
  164  14:32  Marine  
  164  14:35  Marauder  
  164  14:36  Marine  
  169  14:39  Marauder  
  169  14:43  Widow Mine x2  
  175  14:46  Marine  
  175  14:48  Marine x2  
  175  14:49  Marine x2  
  175  14:52  Marauder  
  178  14:58  Medivac, Marine x3  
  182  15:00  Marine  
  182  15:03  Marine  
  182  15:06  Marine x2  
  182  15:07  Marine x2  
  182  15:13  Marauder  
  182  15:16  Marine  
  182  15:17  Marauder x2  
  182  15:18  Marine  
  188  15:21  Marine  
  188  15:23  Medivac, Marine  
  188  15:24  Marine  
  188  15:27  Widow Mine x2  
  165  15:33  Marine  
  165  15:35  Marauder  
  152  15:36  Marauder  
  152  15:37  Marine  
  152  15:38  Marauder, Marine x2  
  152  15:39  Marine  
  152  15:41  Marine x2  
  150  15:45  Medivac  
  136  15:51  Marine  
  136  15:55  Widow Mine x2, Marine  
  136  15:56  Marauder, Marine x2  
  129  15:57  Marine  
  129  15:58  Marauder  
  129  15:59  Marine  
  129  16:02  Marine x2  
  132  16:08  Marine  
  133  16:12  Medivac  
  133  16:13  Marine  
  133  16:14  Marine x2  
  133  16:15  Marine  
  133  16:17  Widow Mine x2, Marine x2  
  145  16:19  Marine  
  145  16:20  Marine x2  
  148  16:26  Marine  
  148  16:27  Orbital Command  
  148  16:31  Marine  
  148  16:32  Marine x3  
  152  16:35  Marauder, Marine  
  152  16:37  Marauder  
  152  16:38  Marine x2  
  139  16:40  SCV  
  139  16:44  Marine  
  121  16:49  Marine x2  
  121  16:50  Marauder, Marine  
  121  16:51  Orbital Command  
  121  16:52  SCV  
  121  16:53  Marauder  
  121  16:55  Marine  
  121  16:56  Marine  
  121  16:57  Marauder  
  121  16:58  Marine  
  125  17:02  Marine  
  125  17:04  SCV  
  125  17:05  SCV  
  125  17:07  Marine x2  
  125  17:08  Marine  
  130  17:11  Marine  
  130  17:13  Marine  
  130  17:14  Marine x2  
  135  17:16  SCV, Marine  
  135  17:17  Marine  
  135  17:18  SCV x2  
  135  17:20  Marine  
  141  17:24  Marine  
  141  17:25  Marine  
  141  17:26  Marine  
  141  17:28  SCV  
  141  17:29  Marauder  
  147  17:31  Marine x2  
  147  17:32  Marauder  
  147  17:34  Marauder  
  147  17:36  Marauder  
  155  17:37  Widow Mine, Marine  
  155  17:38  Widow Mine  
  155  17:42  Marine  
  155  17:43  Marine  
  162  17:44  Refinery  
  162  17:45  Refinery  
  162  17:51  Marauder  
  164  17:55  SCV  
  164  17:57  SCV x2  
  162  18:02  Medivac  
  164  18:07  SCV  
  164  18:09  SCV  
  164  18:10  Marine x3  
  164  18:11  Marine x3  
  164  18:12  Marauder x2  
  169  18:25  Medivac  
  171  18:27  Marine x2  
  171  18:28  Marine  
  171  18:33  Marauder x2, Marine  
  171  18:34  Marine  
  180  18:38  Widow Mine x2  
  184  18:43  Medivac  
  184  18:45  Marine  
  184  18:46  Marauder x2  
  191  18:55  Marauder x2, Marine x2  
  196  18:59  Marine  
  196  19:01  Widow Mine  
  178  19:07  Marauder x2  
  178  19:09  Medivac  
  171  19:11  Widow Mine  
  171  19:14  SCV x2  
  171  19:16  Refinery x2, Marauder  
  175  19:17  Marauder, Marine  
  175  19:19  Ghost Academy  
  175  19:22  Widow Mine  
  165  19:32  Marine  
  165  19:33  Marauder  
  164  19:38  Medivac  
  164  19:39  Medivac  
  164  19:42  Marine x4  
  176  19:47  Marine  
  176  19:50  Marine  
  178  19:55  Ghost x2  
  178  19:57  Ghost  
  178  19:58  Marine  
  179  20:00  Marine  
  179  20:02  Command Center  
  179  20:05  SCV  
  179  20:06  SCV  
  175  20:12  Marine x3  
  170  20:16  Ghost  
  169  20:21  Orbital Command  
  169  20:26  Ghost  
  146  20:30  Widow Mine  
  144  20:39  Personal Cloaking  
  144  20:41  SCV x2  
  146  20:48  Widow Mine  
  146  20:51  Medivac, Widow Mine, Marine  
  146  20:52  Marauder  
  146  20:53  SCV  
  154  21:02  Medivac  
  156  21:10  Marauder x2  
  158  21:17  SCV x3  
  157  21:29  SCV  
  154  21:36  Widow Mine x2  
  133  21:42  Medivac  
  133  21:45  SCV x3  
  138  21:53  Ghost x2  
  142  21:57  SCV  
  142  21:59  Ghost  
  136  22:09  Widow Mine x2  
  136  22:10  Marauder  
  141  22:23  Marauder x2  
  145  22:31  Widow Mine x2  
  150  22:44  Marauder x2  
  130  23:06  Ghost x2  
  134  23:14  SCV  
  134  23:15  SCV x2  
  137  23:25  Ghost x2  
  137  23:26  Marine x4  
  137  23:27  SCV x2  
  146  23:39  Marauder x2, Marine x2  
  131  23:47  SCV  
  132  23:53  Marine x3  
  132  23:54  Ghost  
  137  24:04  Marine  
  137  24:05  Marauder x2  
  115  24:31  Marauder x2, Marine x3  
  115  24:32  Marauder  
  115  24:33  SCV x2  
  124  24:40  Marauder  
  124  24:45  SCV x2  
  130  24:53  Marauder x3  
  134  25:06  Widow Mine  
Show
View Real Time Build Order
Export as new Build Order

Solar Zerg 

Build Orders: Hatch First 

Get SALT Encoding   

  12  0:00  Drone  
  13  0:12  Overlord  
  13  0:16  Drone  
  14  0:31  Drone x2  
  16  0:49  Hatchery  
  15  0:52  Drone  
  15  0:55  Drone  
  17  0:58  Drone  
  18  1:10  Extractor  
  17  1:15  Spawning Pool  
  17  1:16  Drone  
  17  1:20  Drone  
  18  1:28  Drone  
  19  1:39  Drone  
  20  1:50  Drone  
  21  2:02  Queen x2  
  21  2:03  Zergling x4  
  27  2:15  Hatchery  
  26  2:20  Overlord  
  26  2:22  Drone  
  27  2:24  Drone  
  28  2:39  Drone x3  
  28  2:42  Queen  
  33  2:45  Metabolic Boost  
  33  2:50  Overlord  
  32  2:56  Drone x2  
  32  2:58  Drone  
  35  3:10  Drone x2  
  35  3:12  Drone x3  
  40  3:15  Queen  
  42  3:25  Zergling x2  
  42  3:26  Queen  
  45  3:28  Queen  
  45  3:32  Overlord  
  45  3:34  Drone  
  48  3:36  Zergling x2  
  49  3:42  Overlord  
  49  3:52  Drone  
  49  3:53  Drone x6  
  49  3:54  Spore Crawler  
  55  3:59  Queen  
  55  4:01  Zergling x4  
  59  4:04  Zergling x2  
  59  4:07  Zergling x2  
  59  4:08  Zergling x2, Spore Crawler  
  61  4:11  Overlord  
  61  4:13  Drone  
  62  4:17  Queen  
  62  4:20  Zergling x4  
  62  4:23  Overlord  
  66  4:31  Drone x5  
  71  4:34  Drone x3  
  71  4:37  Overlord  
  74  4:42  Drone x3  
  74  4:43  Extractor  
  75  4:48  Drone  
  75  4:49  Drone x2  
  78  4:54  Queen, Evolution Chamber  
  78  4:55  Evolution Chamber  
  78  4:57  Overlord  
  78  4:59  Drone  
  79  5:00  Drone  
  79  5:05  Drone  
  79  5:06  Zergling x2  
  74  5:08  Zergling x4  
  74  5:10  Zergling x4  
  78  5:16  Drone  
  78  5:18  Drone  
  80  5:23  Drone  
  80  5:26  Zerg Ground Armor Level 1, Drone  
  80  5:27  Extractor  
  81  5:30  Zerg Melee Weapons Level 1  
  81  5:31  Drone x4  
  81  5:33  Overlord  
  85  5:39  Drone x2  
  87  5:43  Drone  
  87  5:44  Drone  
  87  5:46  Hatchery  
  87  5:48  Zergling x4  
  87  5:49  Overlord  
  90  5:51  Lair  
  90  5:53  Overlord  
  90  5:58  Extractor  
  90  5:59  Zergling x8, Baneling Nest  
  90  6:02  Extractor  
  90  6:03  Overlord  
  91  6:05  Overlord  
  91  6:06  Overlord  
  91  6:08  Drone x2  
  91  6:09  Drone  
  94  6:13  Drone x3  
  94  6:17  Drone  
  98  6:18  Drone  
  98  6:19  Drone  
  98  6:21  Zergling x6  
  103  6:28  Zergling x2  
  103  6:32  Zergling x4  
  106  6:36  Zergling x4  
  106  6:38  Zergling x2  
  106  6:39  Overlord  
  108  6:40  Zergling x8  
  108  6:45  Baneling x13  
  109  6:47  Drone  
  109  6:53  Overseer  
  109  6:54  Zergling x8  
  114  7:02  Hatchery  
  114  7:03  Drone x2  
  114  7:07  Baneling  
  114  7:08  Zergling x8  
  119  7:09  Baneling x2  
  119  7:10  Overlord  
  119  7:11  Zergling x2  
  119  7:12  Centrifugal Hooks  
  120  7:18  Zergling x4  
  120  7:19  Overlord  
  120  7:30  Zergling x6  
  120  7:34  Baneling x2  
  120  7:35  Zerg Ground Armor Level 2  
  122  7:38  Zergling x2  
  122  7:42  Zergling x2  
  122  7:43  Queen  
  123  7:45  Zergling x12  
  127  7:51  Zerg Melee Weapons Level 2  
  127  7:53  Zergling x4  
  127  7:56  Overlord  
  123  8:02  Zergling x2  
  117  8:06  Zergling x4  
  117  8:12  Baneling x7  
  117  8:13  Zergling x8  
  117  8:17  Queen  
  117  8:19  Hatchery  
  114  8:20  Zergling x6  
  114  8:21  Queen  
  109  8:28  Zergling x8  
  109  8:33  Zergling x2  
  102  8:36  Zergling x4  
  102  8:38  Baneling x8  
  102  8:39  Zergling x6  
  105  8:46  Zergling x12  
  105  8:47  Baneling x2  
  111  8:50  Zergling x2  
  111  8:55  Queen  
  109  8:58  Zergling x8  
  109  9:02  Zergling x2, Extractor  
  115  9:08  Zergling x4  
  115  9:09  Baneling x4, Queen  
  116  9:15  Zergling x14  
  113  9:18  Overlord  
  113  9:20  Zergling x2  
  113  9:21  Zergling x2  
  113  9:23  Baneling x2  
  113  9:24  Baneling  
  110  9:25  Zergling x2  
  110  9:27  Zergling x4  
  107  9:31  Hydralisk Den  
  107  9:35  Zergling x12  
  104  9:41  Zergling x8  
  104  9:45  Zergling x6  
  107  9:49  Drone x2  
  111  9:54  Zergling x2  
  111  9:55  Zergling x2  
  111  9:56  Baneling x20  
  111  9:58  Zergling x4  
  115  10:00  Zergling x2, Grooved Spines  
  115  10:01  Zergling x6  
  115  10:03  Extractor  
  115  10:05  Hydralisk  
  119  10:10  Hydralisk x3  
  125  10:14  Zergling x2  
  125  10:18  Zergling x4  
  125  10:21  Hatchery  
  125  10:22  Hydralisk x3  
  125  10:23  Zergling x8  
  125  10:25  Baneling  
  125  10:26  Baneling  
  134  10:30  Zergling x2, Overlord  
  134  10:31  Zergling x4  
  134  10:33  Zergling x2  
  134  10:34  Hydralisk x2  
  142  10:36  Zergling x4  
  142  10:40  Zerg Missile Weapons Level 1  
  143  10:48  Hydralisk  
  131  10:52  Zergling x4  
  131  10:53  Zergling x8  
  131  10:54  Baneling x5  
  131  10:55  Baneling  
  122  10:57  Zergling x4  
  122  11:00  Zergling x4  
  122  11:03  Zergling x4  
  115  11:05  Zergling x6  
  115  11:08  Zergling x4  
  119  11:11  Zergling x4  
  119  11:16  Muscular Augments  
  120  11:19  Hydralisk  
  120  11:20  Hydralisk  
  124  11:26  Baneling x8  
  124  11:27  Zergling x2  
  124  11:28  Zergling x2  
  124  11:31  Zergling x2  
  124  11:32  Zergling x2  
  127  11:34  Zergling x4  
  127  11:35  Zergling x2  
  127  11:39  Hydralisk  
  123  11:40  Hydralisk  
  123  11:43  Zergling x4  
  127  11:52  Zergling x4  
  127  11:53  Zergling x2  
  130  11:54  Zergling x2  
  130  11:55  Hatchery  
  130  11:58  Zergling x6  
  130  11:59  Hydralisk  
  134  12:05  Hydralisk x2  
  138  12:08  Zergling x6  
  138  12:09  Zergling x2  
  142  12:17  Baneling x11  
  142  12:20  Drone x2  
  142  12:22  Drone x2  
  145  12:24  Drone  
  145  12:25  Drone  
  145  12:26  Zergling x4, Infestation Pit  
  148  12:34  Zergling x14  
  148  12:35  Drone  
  152  12:37  Overseer  
  148  12:45  Zergling x14  
  148  12:47  Zergling x4  
  148  12:50  Zergling x4  
  159  12:51  Zergling x4  
  159  12:53  Zergling x2  
  159  12:55  Zergling x6  
  159  12:57  Overseer  
  162  13:00  Zergling x6  
  162  13:04  Hive  
  165  13:07  Drone  
  165  13:08  Drone x2  
  165  13:09  Baneling  
  165  13:10  Baneling x3  
  165  13:11  Drone  
  169  13:15  Zergling x10  
  169  13:18  Drone x2  
  173  13:21  Drone  
  173  13:22  Drone x2  
  173  13:26  Baneling x6  
  174  13:27  Zergling x6  
  174  13:30  Zergling x4  
  174  13:31  Zergling x2  
  170  13:37  Pneumatized Carapace  
  155  13:41  Zergling x22  
  155  13:46  Zergling x10  
  164  13:51  Zergling x10  
  164  13:55  Hydralisk Den  
  166  13:56  Zergling x2  
  166  14:00  Zergling x6  
  166  14:01  Baneling x2  
  164  14:06  Baneling  
  164  14:07  Baneling x2  
  164  14:08  Zergling x6  
  164  14:09  Overseer  
  166  14:12  Baneling x8, Queen  
  166  14:14  Zergling x10  
  166  14:16  Drone  
  173  14:19  Baneling x4  
  173  14:22  Viper x2  
  173  14:24  Zergling x8  
  166  14:29  Zergling x8  
  157  14:34  Extractor  
  157  14:35  Lurker Den  
  157  14:36  Drone x4  
  158  14:38  Drone  
  158  14:39  Drone, Extractor  
  158  14:42  Adrenal Glands  
  158  14:43  Zergling x12  
  165  14:47  Zergling x8  
  165  14:49  Baneling x2  
  165  14:50  Baneling  
  165  14:52  Zergling x8  
  169  14:57  Zergling x12  
  169  14:58  Baneling x3  
  171  15:03  Zergling x6  
  168  15:09  Zergling x14  
  168  15:13  Zergling x2  
  170  15:14  Baneling x2  
  170  15:20  Zergling x16  
  178  15:24  Zergling x14  
  167  15:30  Zergling x8  
  167  15:35  Hydralisk x3  
  161  15:38  Zergling x4  
  161  15:39  Zergling x4  
  152  15:46  Zergling x6  
  145  15:50  Zergling x12  
  145  15:51  Zergling x2  
  145  15:52  Zergling x2, Extractor  
  145  15:55  Hatchery  
  143  16:01  Overseer  
  143  16:02  Lurker Den  
  141  16:05  Zergling x10  
  141  16:07  Baneling x6  
  146  16:11  Baneling x6  
  146  16:18  Zerg Melee Weapons Level 3  
  146  16:20  Zergling x4  
  146  16:21  Extractor  
  146  16:23  Zergling x6  
  150  16:27  Zergling x6  
  150  16:29  Zergling x4  
  155  16:36  Zergling x2  
  149  16:43  Hatchery  
  149  16:45  Zergling x6  
  142  16:49  Zergling x2  
  142  16:50  Zergling x6  
  140  17:05  Seismic Spines  
  140  17:07  Lurker x5  
  143  17:09  Zergling x4  
  144  17:24  Lurker x2  
  144  17:28  Hatchery  
  145  17:31  Baneling x7  
  145  17:35  Zergling x6  
  138  17:45  Zergling x14  
  138  17:46  Zergling x2  
  138  17:50  Hydralisk  
  148  17:53  Zergling x2  
  142  17:58  Zerg Missile Weapons Level 2  
  142  17:59  Zergling x12  
  142  18:05  Adaptive Talons  
  146  18:10  Hydralisk x2  
  146  18:11  Zergling x2  
  150  18:16  Zergling x8  
  150  18:18  Hydralisk  
  152  18:21  Hydralisk  
  152  18:25  Zergling x8  
  152  18:26  Zergling x2  
  155  18:30  Baneling  
  155  18:31  Baneling x7  
  155  18:35  Hydralisk x2  
  159  18:42  Zergling x10  
  159  18:45  Lurker x2  
  160  18:51  Zergling x8  
  160  18:53  Baneling  
  160  18:54  Baneling x3  
  164  18:59  Hydralisk x2  
  160  19:04  Zergling x2  
  160  19:05  Zergling x6  
  160  19:07  Baneling x2  
  160  19:08  Zergling x2  
  148  19:12  Zergling x4  
  148  19:13  Zergling x6  
  148  19:15  Lurker  
  153  19:18  Zergling x4  
  153  19:22  Zergling x2  
  153  19:23  Zergling x4  
  143  19:32  Hydralisk x3  
  143  19:37  Zergling x14  
  145  19:39  Lurker  
  145  19:40  Lurker  
  147  19:49  Lurker x2  
  149  19:54  Zergling x8  
  149  19:56  Hatchery  
  149  19:57  Baneling x4  
  149  19:59  Zergling x2  
  153  20:01  Zergling x4  
  153  20:04  Zergling x6  
  156  20:11  Hydralisk  
  156  20:12  Hydralisk x2  
  159  20:14  Zergling x2  
  159  20:17  Zergling x6  
  159  20:20  Hydralisk  
  160  20:25  Zergling x4  
  153  20:29  Hydralisk x4  
  153  20:35  Baneling x3  
  156  20:48  Zergling x10, Hatchery  
  148  20:50  Zergling x4  
  148  20:55  Zergling x4  
  152  21:02  Lurker x3  
  152  21:06  Baneling  
  152  21:07  Zergling x2  
  152  21:08  Zergling x6  
  152  21:10  Zergling x2  
  157  21:15  Zergling x6  
  159  21:24  Zergling x8  
  164  21:30  Hatchery  
  164  21:32  Zergling x6  
  166  21:37  Zergling x2  
  156  21:47  Baneling x11  
  156  21:48  Zergling x8  
  156  21:53  Zergling x2  
  161  22:01  Zergling x2, Hydralisk  
  158  22:02  Zergling x2  
  162  22:26  Overlord x2  
  162  22:27  Hatchery  
  161  22:44  Zergling x2  
  161  22:45  Zergling x4  
  161  22:51  Zergling x4  
  159  22:52  Zergling x2  
  159  23:02  Zergling x4  
  159  23:04  Zergling x4  
  153  23:05  Zergling x2  
  153  23:09  Zergling x2  
  154  23:13  Overseer x2  
  154  23:15  Zergling x2  
  154  23:18  Overseer  
  155  23:21  Zergling x2  
  155  23:25  Zergling x4  
  157  23:31  Zergling x2  
  155  23:38  Overseer  
  146  23:46  Viper  
  149  23:55  Baneling  
  149  23:58  Zergling x2  
  150  24:04  Zergling x4  
  150  24:09  Hatchery  
  151  24:13  Overlord  
  150  24:23  Hydralisk  
  125  24:24  Zergling x2  
  125  24:25  Zergling x2  
  125  24:28  Zergling x2  
  108  24:32  Zergling x2  
  108  24:35  Zergling x2  
  108  24:37  Zergling x2  
  111  24:40  Zergling x2  
  112  24:47  Zergling x8  
  112  24:52  Lurker x3  
  119  24:55  Zergling x2  
  119  24:59  Zergling x4  
  122  25:03  Zergling x2  
  122  25:05  Zergling x2  
  116  25:08  Zergling x2  
  116  25:10  Zergling x2  
Tags
 
Event
TSL 9
League
Master
Matchup
TvZ
Player
MaruSolar
Spawn Locations
Cross Positions
Add a new tag
Caveats
  • Supply blocks, unpowered buildings, or Contaminate may cause inaccurate times.
  • Supply counts are checked every 10 seconds.